 Dungeon Crawl Stone Soup version 0.28-a0-1435-g82390b3a13 (webtiles) character file.

Game seed: 6902229248927195959

28 gimp the Slasher (level 2, -1/27 HPs)
             Began as a Minotaur Gladiator on Jan 9, 2022.
             Succumbed to a kobold's poison
             ... on level 1 of the Dungeon.
             The game lasted 00:00:59 (342 turns).

gimp the Slasher (Minotaur Gladiator)                Turns: 342, Time: 00:00:59

Health: -1/27      AC:  3    Str: 18    XL:     2   Next: 96%
Magic:  1/1        EV: 12    Int:  5    God:
Gold:   26         SH:  0    Dex: 11    Spells: 1/1 levels left

rFire   . . .      SeeInvis .   a - +0 long sword
rCold   . . .      Faith    .   (no shield)
rNeg    . . .      Spirit   .   b - +0 leather armour
rPois   .          Reflect  .   c - +0 hat
rElec   .          Harm     .   (no cloak)
rCorr   .          Rampage  .   (no gloves)
Will    .....                   (no boots)
Stlth   +.........              (no amulet)
HPRegen 0.09/turn               (no ring)
MPRegen 0.07/turn               (no ring)

@: lethally poisoned (-1 -> -8)
A: horns 2, retaliatory headbutt
a: no special abilities


You were on level 1 of the Dungeon.
You visited 1 branch of the dungeon, and saw 1 of its levels.

You collected 26 gold pieces.

Inventory:

Hand Weapons
 a - a +0 long sword (weapon)
Missiles
 d - 3 throwing nets (quivered)
Armour
 b - a +0 leather armour (worn)
 c - a +0 hat (worn)
Scrolls
 e - a scroll of identify {unknown}
 f - a scroll of torment {unknown}


   Skills:
 * Level 3.8 Fighting
 + Level 4.1 Long Blades
 - Level 2.0 Throwing
 - Level 3.2 Dodging


You had one spell level left.
You didn't know any spells.
Your spell library was empty.

Dungeon Overview and Level Annotations

Branches:
Dungeon (1/15)

Altars:


Innate Abilities, Weirdness & Mutations

You have a pair of horns on your head.
You reflexively headbutt those who attack you in melee.


Message History

The gnoll is moderately wounded.
The gnoll hits you with a +0 club.
You take 6 damage, and have 20/26 hp.
MASSIVE DAMAGE!!
You hit the gnoll.
The gnoll is heavily wounded.
The gnoll barely misses you. You furiously retaliate!
You headbutt the gnoll!
You kill the gnoll!
The endoplasm jiggles.
Your Long Blades skill increases to level 4!
You hit the endoplasm.
The endoplasm is moderately wounded.
The endoplasm misses you.
You slash the endoplasm!
You kill the endoplasm!
You closely miss the kobold. Your headbutt misses the kobold.
The kobold hits you with a +2 short sword of venom.
You take 4 damage, and have 17/27 hp.
You hit the kobold. Your headbutt misses the kobold.
The kobold is heavily wounded.
The kobold hits you with a +2 short sword of venom.
You take 3 damage, and have 14/27 hp.
You barely miss the kobold.
The kobold is heavily wounded.
The kobold hits you with a +2 short sword of venom.
You are lethally poisoned!
You take 3 damage, and have 11/27 hp.
You miss the kobold.
The kobold is heavily wounded.
* * * LOW HITPOINT WARNING * * *
You feel very sick.
The kobold hits you with a +2 short sword of venom.
* * * LOW HITPOINT WARNING * * *
The kobold misses you.
You take 8 damage, and have 3/27 hp.
MASSIVE DAMAGE!!
You barely miss the kobold. You headbutt the kobold.
You kill the kobold!
* * * LOW HITPOINT WARNING * * *
You feel sick.
You take 2 damage, and have 1/27 hp.
You die...

#...........).... #.##
###.........#.##### #.##
......#.##....# #.##
..#.#.#.###.#.# #.## ..#.#.#.#
#.#.# ########## #.##
..#.#.#.###.#.# #.........###.##
...............# ...............
................##......##>###.##
>...#..####.....@.#.....# #.#
....#..# #.....##......# #.#
....#..# ##...# #......# #.#
....#..###########.###### #.#
...........).......# #.#
.#..################ ..# ##..#
.## #..# #..#


There were no monsters in sight!

Vanquished Creatures
  A gnoll (D:1)
  A dart slug (D:1)
  3 endoplasms (D:1)
  A goblin (D:1)
  3 hobgoblins (D:1)
  A frilled lizard (D:1)
  2 kobolds (D:1)
  3 rats (D:1)
15 creatures vanquished.

Notes
Turn   | Place    | Note
-------+----------+-------------------------------------------
     0 | D:1      | gimp the Minotaur Gladiator began the quest for the Orb.
     0 | D:1      | Reached XP level 1. HP: 18/18 MP: 0/0
   250 | D:1      | Reached XP level 2. HP: 26/26 MP: 1/1
   335 | D:1      | Reached skill level 4 in Long Blades
   341 | D:1      | HP: 1/27 [poisoned by a kobold]
   342 | D:1      | Succumbed to a kobold's poison

Illustrated notes

Levels and vault maps discovered:
D:1:      evilmike_arrival_crescent, layout_loops_ring, minmay_misc_feat_tiny

Skill      XL: |  1  2 |
---------------+-------+-----
Fighting       | 3 |  3.8
Long Blades    | 4 |  4.1
Throwing       | |  2.0
Dodging        | |  3.2

Action                   || total
-------------------------++-------
Melee: Long sword        ||    31
       Headbutt          ||     4
Armor: Leather armour    ||     5
Dodge: Dodged            ||    21

Table legend: (Time is in decaauts)
 A = Elapsed time spent in this place.
 B = Non-inter-level travel time spent in this place.
 C = Inter-level travel time spent in this place.
 D = Time resting spent in this place.
 E = Time spent auto-exploring this place.
 F = Levels seen in this place.
 G = Mean time per level.
                   A        B        C        D        E       F      G
               +--------+--------+--------+--------+--------+-----+--------+
         Total |    348 |    348 |      0 |      0 |    269 |   1 |  348.0 |
       Dungeon |    348 |    348 |      0 |      0 |    269 |   1 |  348.0 |
               +--------+--------+--------+--------+--------+-----+--------+

Top non-repeatable levels by time:
     D:1: 348 daAuts
